 Dungeon Crawl Stone Soup version 0.26.0-45-g9c1d065592 (webtiles) character file.

Game seed: 766620174489766458

198 pablito the Vexing (level 5, -2/41 HPs)
             Began as a Gnoll Arcane Marksman on Jan 30, 2021.
             Slain by a river rat (4 damage)
             ... in a sewer.
             The game lasted 00:09:59 (1760 turns).

pablito the Vexing (Gnoll Arcane Marksman)          Turns: 1760, Time: 00:09:59

Health: -2/41      AC:  4    Str: 12    XL:     5   Next: 77%
Magic:  18/18      EV: 15    Int: 16    God:
Gold:   127        SH:  5    Dex: 16    Spells: 3/10 levels left

rFire    + . .     SeeInvis .   i - +0 mace (vorpal)
rCold    x . .     Faith    .   (no shield)
rNeg     . . .     Spirit   .   e - +0 robe
rPois    .         Reflect  +   k - +0 helmet
rElec    .         Harm     .   (no cloak)
rCorr    .         Rampage  .   h - +0 pair of gloves
Will     .....                  (no boots)
Stlth    ++........             j - amulet of reflection
HPRegen  0.13/turn              g - ring of fire
MPRegen  0.16/turn              p - ring of magical power

@: attractive
A: distributed training, fangs 1, strong nose
a: no special abilities


You were in a sewer.
You visited 1 branch of the dungeon, and saw 3 of its levels.
You also visited: Sewer.

You collected 127 gold pieces.

Inventory:

Hand Weapons
 a - a +0 shortbow
 i - a +0 vorpal mace (weapon)
 q - a +0 spear
Missiles
 d - 15 arrows
Armour
 e - a +0 robe (worn)
 f - a +0 ring mail
 h - a +0 pair of gloves (worn)
 k - a +0 helmet (worn)
Jewellery
 g - a ring of fire (left hand)
 j - an amulet of reflection (around neck)
 p - a ring of magical power (right hand)
 y - an uncursed amulet of the acrobat
Scrolls
 c - 2 scrolls of amnesia
 l - 3 scrolls of noise
 r - a scroll of teleportation
Potions
 m - a potion of cancellation {unknown}
 n - 2 potions of lignification
 s - a potion of might {unknown}
 u - a potion of degeneration {unknown}
 v - a potion of ambrosia {unknown}
 w - a potion of heal wounds {unknown}
 z - a potion of flight {unknown}
 A - a potion of curing {unknown}


   Skills:
 + Level 3.0 Fighting
 + Level 1.6 Short Blades
 + Level 1.6 Long Blades
 + Level 1.6 Axes
 + Level 1.6 Maces & Flails
 + Level 1.6 Polearms
 + Level 1.6 Staves
 + Level 1.6 Slings
 + Level 4.8 Bows
 + Level 1.6 Crossbows
 + Level 1.6 Throwing
 + Level 1.6 Armour
 + Level 4.8 Dodging
 + Level 1.6 Stealth
 + Level 1.6 Shields
 + Level 1.6 Unarmed Combat
 + Level 3.2 Spellcasting
 + Level 1.3 Conjurations
 + Level 5.6 Hexes
 + Level 1.3 Summonings
 + Level 1.3 Necromancy
 + Level 1.3 Translocations
 + Level 1.3 Transmutations
 + Level 1.3 Fire Magic
 + Level 1.3 Ice Magic
 + Level 1.3 Air Magic
 + Level 1.3 Earth Magic
 + Level 1.3 Poison Magic
 + Level 1.8 Invocations
 + Level 1.6 Evocations


You had 3 spell levels left.
You knew the following spells:

 Your Spells              Type           Power        Failure   Level
a - Corona                Hex            22%          1%          1
b - Inner Flame           Hex/Fire       20%          13%         3
c - Portal Projectile     Hex/Tloc       26%          13%         3

Your spell library contained the following spells:

 Spells                   Type           Power        Failure   Level
 Slow                     Hex            20%          2%          2
 Cause Fear               Hex            10%          19%         4
 Leda's Liquefaction      Hex/Erth       6%           41%         4


Dungeon Overview and Level Annotations

Branches:
Dungeon (3/15)              Sewer (1/1)

Altars:
Qazlal
Ru
Yredelemnul


Innate Abilities, Weirdness & Mutations

Your experience applies equally to all skills.
You have very sharp teeth.
Your uncanny sense of smell can sniff out nearby items.


Message History

Aim: a river rat (heavily wounded, 60% to hit)
You shoot an arrow.
The arrow hits the river rat but does no damage.
The river rat is heavily wounded.
The river rat bites you.
i - a +0 vorpal mace (weapon)
You hit the river rat but do no damage.
The river rat is heavily wounded.
The river rat bites you.
* * * LOW HITPOINT WARNING * * *
A kobold comes into view. It is wielding a +0 club.
You hit the river rat but do no damage.
The river rat is heavily wounded.
The river rat bites you!
* * * LOW HITPOINT WARNING * * *
You block the river rat's attack.
It was a potion of attraction.
You feel attractive to monsters. The river rat bites you.
You die...

*≈≈≈≈*≈*≈#≈≈≈≈≈≈≈≈≈≈≈≈≈≈≈≈≈≈≈≈≈
*≈≈≈*≈*≈*≈≈≈≈≈≈≈≈≈≈≈≈≈≈≈≈≈≈≈≈≈≈
*≈≈≈≈*≈*≈#≈≈≈≈≈≈≈≈≈≈≈≈≈≈≈.≈..≈≈
*≈≈******#≈≈≈≈≈≈≈≈≈≈≈K≈.≈.....≈
*≈≈*∆,*,,#≈≈≈≈≈≈≈≈≈(.(.........
*≈≈*,,,,,#.≈≈≈(..((..(......r..
*≈≈**,,,,+....†.(..............
*≈≈*,,,,,#...††r..(.((.........
*≈≈*∆,*,,#....@((.....,,,*#..(r
*≈≈******###..###.....,***##..#
*≈≈* #### **...#**###..## *≈≈*
**### #∩..## *≈≈* ##### *≈≈*
*≈≈* *≈≈* *≈≈*


You could see a river rat and a kobold.

Vanquished Creatures
  An orc priest (D:3)
  2 adders (Sewer)
  9 river rats
  2 oozes
  A worm (D:2)
  A leopard gecko (D:1)
  2 orcs (D:3)
  6 ball pythons
  A giant cockroach (D:3)
  7 goblins
  3 hobgoblins
  2 kobolds (D:3)
  6 bats
  3 frilled lizards
  19 rats
65 creatures vanquished.

Notes
Turn   | Place    | Note
-------+----------+-------------------------------------------
     0 | D:1      | pablito the Gnoll Arcane Marksman began the quest for the
                  | Orb.
     0 | D:1      | Reached XP level 1. HP: 17/17 MP: 4/4
   261 | D:1      | Reached XP level 2. HP: 23/23 MP: 5/5
   681 | D:2      | Reached XP level 3. HP: 28/28 MP: 7/7
   715 | D:2      | Found a basalt altar of Yredelemnul.
   804 | D:2      | Found a sacrificial altar of Ru.
  1002 | D:2      | Found a stormy altar of Qazlal.
  1206 | D:3      | Reached skill level 1 in Short Blades
  1206 | D:3      | Reached skill level 1 in Long Blades
  1206 | D:3      | Reached skill level 1 in Axes
  1206 | D:3      | Reached skill level 1 in Maces & Flails
  1206 | D:3      | Reached skill level 1 in Polearms
  1206 | D:3      | Reached skill level 1 in Staves
  1206 | D:3      | Reached skill level 1 in Slings
  1206 | D:3      | Reached skill level 1 in Crossbows
  1206 | D:3      | Reached skill level 1 in Throwing
  1206 | D:3      | Reached skill level 1 in Armour
  1206 | D:3      | Reached skill level 1 in Stealth
  1206 | D:3      | Reached skill level 1 in Shields
  1206 | D:3      | Reached skill level 1 in Unarmed Combat
  1206 | D:3      | Reached skill level 1 in Invocations
  1206 | D:3      | Reached skill level 1 in Evocations
  1206 | D:3      | Reached XP level 4. HP: 31/34 MP: 8/8
  1406 | D:3      | Learned a level 3 spell: Inner Flame
  1410 | D:3      | Learned a level 3 spell: Portal Projectile
  1482 | D:3      | Reached skill level 1 in Conjurations
  1482 | D:3      | Reached skill level 1 in Summonings
  1482 | D:3      | Reached skill level 1 in Necromancy
  1482 | D:3      | Reached skill level 1 in Translocations
  1482 | D:3      | Reached skill level 1 in Transmutations
  1482 | D:3      | Reached skill level 1 in Fire Magic
  1482 | D:3      | Reached skill level 1 in Ice Magic
  1482 | D:3      | Reached skill level 1 in Air Magic
  1482 | D:3      | Reached skill level 1 in Earth Magic
  1482 | D:3      | Reached skill level 1 in Poison Magic
  1512 | D:3      | Found a glowing drain.
  1522 | Sewer    | Entered a sewer
  1540 | Sewer    | Reached XP level 5. HP: 40/40 MP: 9/9
  1759 | Sewer    | HP: 2/41 [river rat (9)]
  1760 | Sewer    | Slain by a river rat

Illustrated notes

Levels and vault maps discovered:
D:1:      eino_arrival_druids_welcome, layout_basic
D:2:      layout_loops_ring, yredelemnul_altar_generic, marbit_many_paths,
          nicolae_qazlal_general_emergency
D:3:      layout_basic, lemuel_round_altar, chequers_ecumenical_altar_simple,
          gup_sewer_entry_bowl, minmay_fountain_box
Sewer:    sewer_minmay_treatment

Skill      XL: |  1  2  3  4  5 |
---------------+----------------+-----
Short Blades   | 1 |  1.6
Long Blades    | 1 |  1.6
Axes           | 1 |  1.6
Maces & Flails | 1 |  1.6
Polearms       | 1 |  1.6
Staves         | 1 |  1.6
Slings         | 1 |  1.6
Crossbows      | 1 |  1.6
Throwing       | 1 |  1.6
Armour         | 1 |  1.6
Stealth        | 1 |  1.6
Shields        | 1 |  1.6
Unarmed Combat | 1 |  1.6
Invocations    | 1 |  1.8
Evocations     | 1 |  1.6
Spellcasting   | 3 |  3.2
Conjurations   | 1 |  1.3
Summonings     | 1 |  1.3
Necromancy     | 1 |  1.3
Translocations | 1 |  1.3
Transmutations | 1 |  1.3
Fire Magic     | 1 |  1.3
Ice Magic      | 1 |  1.3
Air Magic      | 1 |  1.3
Earth Magic    | 1 |  1.3
Poison Magic   | 1 |  1.3
Fighting       | 3 |  3.0
Bows           | |  4.8
Dodging        | |  4.8
Hexes          | |  5.6

Action                   |  1- 3 |  4- 6 || total
-------------------------+-------+-------++-------
Melee: Mace              |       |    58 ||    58
       Bite              |       |     4 ||     4
 Fire: Shortbow          |    71 |    66 ||   137
 Cast: Inner Flame       |       |     2 ||     2
       Corona            |       |     1 ||     1
  Use: Scroll            |       |     6 ||     6
       Potion            |       |     1 ||     1
Armor: Robe              |     4 |     8 ||    12
Dodge: Dodged            |    12 |    63 ||    75
Block: Other             |     5 |    33 ||    38
       Reflection        |       |     2 ||     2
